 Dungeon Sprint DCSS version 0.29-a0-825-g72347fce65 (webtiles) character file.

Game seed: 16116662361306380246

1004 Garessta the Fighter (level 8, -8/78 HPs)
             Began as a Demonspawn Cinder Acolyte on July 11, 2022.
             Was an Elder of Ignis.
             Killed by mirror damage (9 damage)
             ... in the Dungeon (Sprint IX: "|||||||||||||||||||||||||||||").
             The game lasted 00:03:56 (449 turns).

Garessta the Fighter (Demonspawn Cinder Acolyte)     Turns: 449, Time: 00:03:57

Health: -8/78      AC: 18    Str: 14    XL:     8   Next: 0%
Magic:  9/9        EV:  5    Int: 20    God:    Ignis [****..]
Gold:   0          SH:  0    Dex: 10    Spells: 9/9 levels left

rFire   + . .      SeeInvis .   k - +2 rapier (drain)
rCold   . . .      Faith    .   (no shield)
rNeg    . . .      Spirit   .   m - +0 plate armour
rPois   .          Reflect  .   l - +0 helmet
rElec   .          Harm     .   (no cloak)
rCorr   .          Rampage  .   (no gloves)
Will    .....      NoTele   +   (no boots)
Stlth   ..........              (no amulet)
HPRegen 0.23/turn               o - +3 ring of intelligence
MPRegen 0.11/turn               n - +2 ring of evasion

@: fiery-armoured
A: ignite blood 2, powered by pain 1
a: Renounce Religion, Fiery Armour, Foxfire Swarm, Rising Flame


You were in the Dungeon.
You worshipped Ignis.
Ignis was greatly pleased with you.
You visited 1 branch

Inventory:

Hand Weapons
 a - a -1 short sword of flaming
 k - a +2 rapier of draining (weapon)
Armour
 b - a +0 robe
 l - a +0 helmet (worn)
 m - a +0 plate armour (worn)
Jewellery
 n - a +2 ring of evasion (right hand)
 o - a +3 ring of intelligence (left hand)
Wands
 j - a wand of light (3)
Scrolls
 h - 2 scrolls of blinking
 i - 2 scrolls of amnesia
Potions
 c - 5 potions of curing
 d - 3 potions of heal wounds
 e - a potion of haste
 f - 4 potions of magic
 g - a potion of invisibility


   Skills:
 + Level 12.7 Fighting
 + Level 11.7 Short Blades
 + Level 0.0 Armour
 - Level 1.0 Spellcasting
 - Level 2.6 Fire Magic


You had 9 spell levels left.
You didn't know any spells.
Your spell library contained the following spells:

 Spells                   Type           Power      Damage    Failure   Level
 Scorch                   Fire           22%        2d6       100%        2


Dungeon Overview and Level Annotations

Branches:
Dungeon (1/1)

Altars:
Cheibriados
Dithmenos
Fedhas
Gozag
Hepliaklqana
Kikubaaqudgha
Makhleb
Nemelex Xobeh
Okawaru
Qazlal
Ru
Sif Muna
Trog
Uskayaw
Vehumet
Wu Jian
Xom
Yredelemnul
Jiyva
Lugonu


Innate Abilities, Weirdness & Mutations

Your demonic aura often causes spilled blood to erupt in flames.
You sometimes gain a little power by taking damage.


Message History

The bolt of light hits the centaur warrior!
The centaur warrior is moderately wounded.
The bolt of light hits the four-headed hydra!!
The four-headed hydra is moderately wounded.
The centaur warrior is engulfed in blazing flames.
The centaur warrior shoots an arrow.
The arrow barely misses you.
The centaur warrior shoots an arrow.
The arrow hits the death knight!
The death knight is engulfed in blazing flames.
The centaur warrior is engulfed in blazing flames.
The centaur warrior shoots an arrow.
The arrow hits you!
* * * LOW HITPOINT WARNING * * *
Aiming: Bolt of Light
Press: ? - help, Shift-Dir - straight line, f/p - four-headed hydra
Aim: a four-headed hydra (moderately wounded, blind, 90% to hit)
The bolt of light hits the centaur warrior!!
You kill the centaur warrior!
The bolt of light misses the death knight.
The bolt of light hits the centaur warrior!
The centaur warrior is heavily wounded.
The bolt of light hits the four-headed hydra!
The four-headed hydra is heavily wounded.
The centaur warrior shoots an arrow.
The arrow hits the death knight!
The centaur warrior shoots an arrow.
The arrow barely misses the death knight.
The arrow hits you!
* * * LOW HITPOINT WARNING * * *
The death knight is engulfed in blazing flames.
The death knight offers itself to Yredelemnul, and fills with unholy energy.
Your Fighting skill increases to level 12!
Your Short Blades skill increases to level 11!
You have reached level 8!
You feel clever.
The centaur warrior shoots an arrow.
The arrow closely misses the death knight.
The arrow hits you!
* * * LOW HITPOINT WARNING * * *
The death knight is engulfed in blazing flames.
You kill the death knight!
Your damage is reflected back at you!
You die... ▓▓▓▓▓▓▓▓▓▓▓▓▓▓▓▓▓▓▓▓▓▓▓▓ ..)..[..[')...○.@☼○cDeJ+ ▓▓▓▓▓▓▓▓▓▓▓▓▓▓▓▓▓▓▓▓▓▓▓▓

You could see a four-headed hydra (blind), a slime creature, a centaur warrior (blind) and a deep elf pyromancer.

Vanquished Creatures
  A centaur warrior (D)
  A death knight (D)
  An unseen horror (D)
  A yak (D)
  A centaur (D)
  A killer bee (D)
  2 adders (D)
  An ufetubus (D)
  A dart slug (D)
  A ball python (D)
  An endoplasm (D)
  2 goblins (D)
  A jackal (D)
  A kobold (D)
16 creatures vanquished.

Vanquished Creatures (others)
  A gargoyle (D)
  An orc warrior (D)
2 creatures vanquished.

Grand Total: 18 creatures vanquished

Notes
Turn   | Place    | Note
-------+----------+-------------------------------------------
     0 | D        | Garessta the Demonspawn Cinder Acolyte began the quest for
                  | the Orb.
     0 | D        | Reached XP level 1. HP: 18/18 MP: 2/2
    15 | D        | Reached skill level 4 in Fighting
   127 | D        | Gained mutation: Your demonic aura sometimes causes spilled
                  | blood to erupt in flames. [demonic ancestry]
   127 | D        | Reached XP level 2. HP: 26/26 MP: 3/3
   132 | D        | Reached skill level 5 in Fighting
   132 | D        | Reached XP level 3. HP: 33/33 MP: 4/4
   140 | D        | Found a snail-covered altar of Cheibriados.
   140 | D        | Found a shadowy altar of Dithmenos.
   140 | D        | Found a blossoming altar of Fedhas.
   140 | D        | Found an opulent altar of Gozag.
   152 | D        | Found a hazy altar of Hepliaklqana.
   153 | D        | Found a viscous altar of Jiyva.
   154 | D        | Found an ancient bone altar of Kikubaaqudgha.
   155 | D        | Found a corrupted altar of Lugonu.
   156 | D        | Found a burning altar of Makhleb.
   157 | D        | Found a sparkling altar of Nemelex Xobeh.
   158 | D        | Found an iron altar of Okawaru.
   159 | D        | Found a stormy altar of Qazlal.
   160 | D        | Found a sacrificial altar of Ru.
   161 | D        | Found a shimmering blue altar of Sif Muna.
   162 | D        | Found a bloodstained altar of Trog.
   163 | D        | Found a hide-covered altar of Uskayaw.
   164 | D        | Found a radiant altar of Vehumet.
   165 | D        | Found an ornate altar of the Wu Jian Council.
   166 | D        | Found a shimmering altar of Xom.
   167 | D        | Found a basalt altar of Yredelemnul.
   177 | D        | Found the +7 great mace "Firestarter" {inner flame, rF++}
   214 | D        | Noticed an orc warrior
   214 | D        | Noticed a gargoyle
   214 | D        | Noticed a centaur
   214 | D        | Noticed a killer bee
   214 | D        | Noticed a yak
   219 | D        | Killed an orc warrior
   220 | D        | Reached skill level 7 in Fighting
   220 | D        | Reached XP level 4. HP: 24/43 MP: 5/5
   225 | D        | Killed a gargoyle
   226 | D        | Reached skill level 9 in Fighting
   226 | D        | Gained mutation: You sometimes gain a little power by
                  | taking damage. [demonic ancestry]
   226 | D        | Reached XP level 5. HP: 24/52 MP: 6/6
   226 | D        | Killed a centaur
   226 | D        | Killed an unseen horror
   227 | D        | Reached skill level 11 in Fighting
   227 | D        | Reached skill level 10 in Short Blades
   227 | D        | Reached XP level 6. HP: 29/62 MP: 7/7
   227 | D        | Gained mutation: Your demonic aura often causes spilled
                  | blood to erupt in flames. [demonic ancestry]
   227 | D        | Reached XP level 7. HP: 32/68 MP: 8/8
   233 | D        | Killed a yak
   445 | D        | Noticed a centaur warrior
   445 | D        | Noticed a death knight
   445 | D        | Noticed a centaur warrior
   445 | D        | Noticed a four-headed hydra
   445 | D        | Noticed a deep elf pyromancer
   445 | D        | Noticed a slime creature
   448 | D        | Killed a centaur warrior
   449 | D        | Reached skill level 12 in Fighting
   449 | D        | Reached XP level 8. HP: 9/78 MP: 9/9
   449 | D        | HP: 1/78 [centaur warrior/arrow (9)]
   449 | D        | Killed a death knight
   449 | D        | Killed by mirror damage

Illustrated notes

Levels and vault maps discovered:
D:        linesprint [early_d, line_temple, items_1, d_10, items_2, lair_1,
          lair_end, items_3, orc_1, orc_end, items_4, d_15, swamp_1, shoals_1,
          snake_1, spider_1, d_20, vaults_1, items_5, swamp_end, shoals_end,
          snake_end, spider_end, vaults_end, d_27, items_6, zot_1, zot_end,
          crypt_end, forest_end, elf_end, slime_end, tomb_end, abyss_end,
          pan_hell_end]

Skill      XL: |  1  2  3  4  5  6  7 |
---------------+----------------------+-----
Short Blades   | 4 6 8 10 11 | 11.7
Fighting       | 4 5 7 9 11 12 | 12.7
Spellcasting   | |  1.0
Fire Magic     | |  2.6

Action                   |  1- 3 |  4- 6 |  7- 9 || total
-------------------------+-------+-------+-------++-------
Melee: Short sword       |    15 |       |       ||    15
       Rapier            |     4 |     1 |     4 ||     9
Invok: Fiery Armour      |     3 |       |     1 ||     4
Evoke: Wand              |     1 |     3 |     3 ||     7
  Use: Potion            |     1 |       |       ||     1
Armor: Robe              |     5 |       |       ||     5
       Plate armour      |     4 |     2 |     1 ||     7
Dodge: Dodged            |     4 |       |     1 ||     5

Table legend: (Time is in decaauts)
 A = Elapsed time spent in this place.
 B = Non-inter-level travel time spent in this place.
 C = Inter-level travel time spent in this place.
 D = Time resting spent in this place.
 E = Time spent auto-exploring this place.
 F = Levels seen in this place.
 G = Mean time per level.
                   A        B        C        D        E       F      G
               +--------+--------+--------+--------+--------+-----+--------+
         Total |    454 |    454 |      0 |    322 |      0 |   1 |  454.0 |
       Dungeon |    454 |    454 |      0 |    322 |      0 |   1 |  454.0 |
               +--------+--------+--------+--------+--------+-----+--------+

Top non-repeatable levels by time:
       D: 454 daAuts
